 Dungeon Crawl Stone Soup version 0.30-a0-381-g6ea064c7b4 (webtiles) character file.

Game seed: 13835346113726455572

49 pascalblue the Covered (level 3, 0/33 HPs)
             Began as an Armataur Berserker on Dec 1, 2022.
             Was a Follower of Trog.
             Slain by a worm (7 damage)
             ... on level 2 of the Dungeon.
             The game lasted 00:03:59 (1272 turns).

pascalblue the Covered (Armataur Berserker)         Turns: 1272, Time: 00:03:59

Health: 0/33       AC:  5    Str: 24    XL:     3   Next: 51%
Magic:  3/3        EV:  9    Int:  7    God:    Trog [*.....]
Gold:   82         SH:  0    Dex:  9    Spells: 2/2 levels left

rFire   . . .      SeeInvis .    a - +0 mace
rCold   . . .      Faith    .    (no shield)
rNeg    . . .      Spirit   .    b - +0 animal skin
rPois   .          Reflect  .    (no helmet)
rElec   .          Harm     .    (no cloak)
rCorr   .          Roll     +    g - +0 pair of gloves
Will    .....                    (no barding)
Stlth   +.........               (no amulet)
HPRegen 0.25/turn                (no ring)
MPRegen 0.08/turn                (no ring)

@: lethally poisoned (0 -> -3)
A: large, rugged brown scales 3, deformed body, armoured tail, roll, long
tongue, awkward tongue
a: Renounce Religion, Berserk


You were on level 2 of the Dungeon.
You worshipped Trog.
Trog was aware of your devotion.
You visited 1 branch of the dungeon, and saw 2 of its levels.

You collected 82 gold pieces.

Inventory:

Hand Weapons
 a - a +0 mace (weapon)
Missiles
 h - 3 boomerangs (quivered)
Armour
 b - a +0 animal skin (worn)
 d - a +0 chain mail
 g - a +0 pair of gloves (worn)
Scrolls
 f - a scroll of enchant armour {unknown}
 i - 2 scrolls of identify {unknown}
 k - a scroll of fear {unknown}
Potions
 c - a potion of might {unknown}
 e - a potion of lignification {unknown}
 j - 2 potions of attraction {unknown}


   Skills:
 + Level 3.2 Fighting
 + Level 3.2 Maces & Flails
 + Level 3.4 Armour
 - Level 1.3 Dodging


You had 2 spell levels left.
You didn't know any spells.
Your spell library contained the following spells:

 Spells                   Type           Power      Damage    Failure   Level
 Gell's Gravitas          Tloc           0%         N/A       80%         3
 Lesser Beckoning         Tloc           0%         N/A       80%         3
 Teleport Other           Tloc           0%         N/A       80%         3


Dungeon Overview and Level Annotations

Branches:
Dungeon (2/15)

Altars:


Innate Abilities, Weirdness & Mutations

You are completely covered in rugged brown scales. (AC +3, +7% HP)
Armour fits poorly on your strangely shaped body.
You have a long armoured tail.
You roll when moving toward enemies. (Rampage)
Your long tongue fully drains potion bottles. (2x potion effects)
Your tongue gives you trouble enunciating. (1.5x scroll delay)


Message History

Found a scroll labelled SITENGEAGE.
You roll towards the frilled lizard!
You barely miss the frilled lizard.
Your tail-slap misses the frilled lizard.
The frilled lizard bites you but does no damage.
The frilled lizard closely misses you.
You hit the frilled lizard.
You kill the frilled lizard!
Trog accepts your kill.
You see here a frilled lizard corpse.
k - a scroll labelled SITENGEAGE A worm comes into view.
An adder comes into view.
Found 6 stones.
The adder hisses angrily.
You see here a scroll labelled GALIVAUNYH.
You hit the worm.
The worm is lightly wounded.
The worm bites you.
You hit the worm but do no damage.
The worm is lightly wounded.
You hit the worm. You tail-slap the worm.
The worm is moderately wounded.
The adder closely misses you. The worm bites you.
You hit the worm.
Your tail-slap misses the worm.
The worm is moderately wounded.
The adder bites you but does no damage. x2; The worm bites you.
You barely miss the worm.
The worm is moderately wounded.
The adder bites you but does no damage. The worm bites you.
The adder barely misses you.
You barely miss the adder. The adder bites you but does no damage.
You barely miss the adder. The adder bites you.
You are poisoned.
The adder poisons you! The worm bites you.
* * * LOW HITPOINT WARNING * * *
The adder barely misses you.
Okay, then.
You barely miss the adder.
You feel sick. The adder bites you but does no damage. The worm bites you!
You die...

#...# #...# .
#...######.#
#...#.....
#####.##.#.#
#..........#
....###.#.##.#
.# .(...#.##.#
..$....S@w.#
#..##.#.##.#
#....$..# #
..........
.##.#...##
......# .#.##.
#. ..


You could see a worm and an adder.

Vanquished Creatures
  Terence (D:2)
  4 bats (D:1)
  An endoplasm (D:1)
  A giant cockroach (D:1)
  3 goblins (D:1)
  2 hobgoblins (D:1)
  3 quokkas (D:1)
  2 ball pythons (D:1)
  2 frilled lizards
  2 rats (D:1)
21 creatures vanquished.

Notes
Turn   | Place    | Note
-------+----------+-------------------------------------------
     0 | D:1      | pascalblue the Armataur Berserker began the quest for the
                  | Orb.
     0 | D:1      | Reached XP level 1. HP: 19/19 MP: 1/1
   312 | D:1      | Reached XP level 2. HP: 15/26 MP: 2/2
  1120 | D:2      | Noticed Terence
  1129 | D:2      | Killed Terence
  1130 | D:2      | Reached XP level 3. HP: 14/33 MP: 3/3
  1272 | D:2      | Slain by a worm

Illustrated notes

Levels and vault maps discovered:
D:1:      shiori_arrival_maze, layout_basic
D:2:      layout_loops_cross, minivault_27, uniq_terence

Skill      XL: |  1  2 |
---------------+-------+-----
Fighting       | 3 |  3.2
Maces & Flails | 3 |  3.2
Armour         | 3 |  3.4
Dodging        | |  1.3

Action                   || total
-------------------------++-------
Melee: Mace              ||    71
       Tailslap          ||     8
Invok: Berserk           ||     1
Armor: Animal skin       ||    35
Dodge: Dodged            ||    34

Table legend: (Time is in decaauts)
 A = Elapsed time spent in this place.
 B = Non-inter-level travel time spent in this place.
 C = Inter-level travel time spent in this place.
 D = Time resting spent in this place.
 E = Time spent auto-exploring this place.
 F = Levels seen in this place.
 G = Mean time per level.
                   A        B        C        D        E       F      G
               +--------+--------+--------+--------+--------+-----+--------+
         Total |   1301 |   1292 |      9 |     93 |    963 |   2 |  650.5 |
       Dungeon |   1301 |   1292 |      9 |     93 |    963 |   2 |  650.5 |
               +--------+--------+--------+--------+--------+-----+--------+

Top non-repeatable levels by time:
     D:1: 1133 daAuts
     D:2: 168 daAuts
